 Dungeon Crawl Stone Soup version 0.28-a0-1184-g53156a8862 (webtiles) character file.

Game seed: 1429573003780236874

11 fragbeetle the Ruffian (level 2, -1/23 HPs)
             Began as a Draconian Transmuter on Dec 18, 2021.
             Slain by Terence (3 damage)
             ... on level 2 of the Dungeon.
             The game lasted 00:01:14 (1069 turns).

fragbeetle the Ruffian (Draconian Transmuter)       Turns: 1069, Time: 00:01:14

Health: -1/23      AC:  4    Str: 12    XL:     2   Next: 13%
Magic:  3/5        EV: 12    Int: 13    God:
Gold:   17         SH:  0    Dex: 11    Spells: 4/5 levels left

rFire   . . .      SeeInvis .     - Unarmed
rCold   . . .      Faith    .   (no shield)
rNeg    . . .      Spirit   .   (armour unavailable)
rPois   .          Reflect  .   (helmet currently unavailable)
rElec   .          Harm     .   (no cloak)
rCorr   .          Rampage  .   (no gloves)
Will    +....                   (boots currently unavailable)
Stlth   +.........              (no amulet)
HPRegen 0.07/turn               b - ring of willpower
MPRegen 0.09/turn               (no ring)

@: appendages (expiring), very slightly contaminated
A: horns 2, talons 2, AC +4, unfitting armour, cold-blooded
a: End Transformation


You were on level 2 of the Dungeon.
You had temporarily grown beastly horns and talons.
You visited 1 branch of the dungeon, and saw 2 of its levels.

You collected 17 gold pieces.

Inventory:

Missiles
 a - 13 poisoned darts
 e - 29 sling bullets
Jewellery
 b - a ring of willpower (left hand)
Scrolls
 c - a scroll of magic mapping {unknown}
 d - a scroll of amnesia {unknown}


   Skills:
 - Level 1.1 Fighting
 + Level 2.1 Dodging
 + Level 3.2 Unarmed Combat
 - Level 2.0 Spellcasting
 + Level 2.2 Transmutations


You had 4 spell levels left.
You knew the following spells:

 Your Spells              Type           Power      Damage    Failure   Level
a - Beastly Appendage     Tmut           14%        N/A       10%         1

Your spell library contained the following spells:

 Spells                   Type           Power      Damage    Failure   Level
 Wereblood                Tmut           7%         N/A       16%         2
 Spider Form              Tmut/Pois      4%         N/A       43%         3
 Ice Form                 Ice/Tmut       4%         N/A       85%         4


Dungeon Overview and Level Annotations

Branches:
Dungeon (2/15)

Altars:

Annotations:
D:2 Terence


Innate Abilities, Weirdness & Mutations

You have temporarily grown beastly horns and talons.
Your plain brown scales are hard. (AC +4)
You cannot fit into any form of body armour.
You are cold-blooded and may be slowed by cold attacks.


Message History

Things that are here:
a +0 club; a goblin corpse Done exploring.
Done exploring.
There is an open door here.
There is an open door here.
There is an open door here.
There is an open door here.
There is an open door here.
There is a stone staircase leading down here.
You climb downwards.
Found 11 gold pieces.
There is a stone staircase leading up here.
Terence the Incautious comes into view.
He is wielding a +0 hand axe of electrocution.
Terence shouts!
Terence is nearby!
You miscast Beastly Appendage.
You are very lightly contaminated with residual magic.
Nothing appears to happen.
You grow a pair of large bovine horns.
Your feet morph into talons.
You barely miss Terence. Your kick misses Terence.
You tail-slap Terence, but do no damage.
Terence hits you with a +0 hand axe of electrocution.
You hit Terence but do no damage.
You tail-slap Terence, but do no damage.
Terence hits you but does no damage.
You are electrocuted!
Ouch! That really hurt!
* * * LOW HITPOINT WARNING * * *
You hit Terence. Your kick misses Terence. Your headbutt misses Terence.
Terence is lightly wounded.
Terence hits you with a +0 hand axe of electrocution.
* * * LOW HITPOINT WARNING * * *
You barely miss Terence. You claw Terence, but do no damage.
Terence is lightly wounded.
Terence barely misses you.
You hit Terence. Your headbutt misses Terence.
Terence is lightly wounded.
Your transformation is almost over.
Terence hits you with a +0 hand axe of electrocution.
You die...

#######
#.....#
#<# #.#
#@#
#.@...#
##.......
.$...#.
.....#
.....#
...###
...#


You could see Terence.

Vanquished Creatures
  A bat (D:1)
  A goblin (D:1)
  3 hobgoblins (D:1)
  2 quokkas (D:1)
  A kobold (D:1)
  A rat (D:1)
9 creatures vanquished.

Notes
Turn   | Place    | Note
-------+----------+-------------------------------------------
     0 | D:1      | fragbeetle the Draconian Transmuter began the quest for the
                  | Orb.
     0 | D:1      | Reached XP level 1. HP: 16/16 MP: 3/3
   147 | D:1      | Found a faded altar of an unknown god.
   348 | D:1      | Reached XP level 2. HP: 23/23 MP: 3/5
  1061 | D:2      | Noticed Terence
  1067 | D:2      | HP: 1/23 [Terence (5)]
  1069 | D:2      | Slain by Terence

Illustrated notes

Levels and vault maps discovered:
D:1:      matt_arrival_los_fun, layout_loops_corners,
          chequers_ecumenical_altar_island, amcnicky_mini_rare_corridor_liquid,
          roderic_roman_lattice
D:2:      layout_loops_ring, uniq_jessica, uniq_natasha, uniq_terence

Skill      XL: |  1 |
---------------+----+-----
Dodging        | 2 |  2.1
Fighting       | |  1.1
Unarmed Combat | |  3.2
Spellcasting   | |  2.0
Transmutations | |  2.2

Action                   || total
-------------------------++-------
Melee: Unarmed           ||    23
       Kick              ||     7
       Headbutt          ||     4
       Tailslap          ||     3
 Cast: Beastly Appendage ||     9
 Stab: Sleeping          ||     1
Armor: Skin              ||     2
Dodge: Dodged            ||    11

Table legend: (Time is in decaauts)
 A = Elapsed time spent in this place.
 B = Non-inter-level travel time spent in this place.
 C = Inter-level travel time spent in this place.
 D = Time resting spent in this place.
 E = Time spent auto-exploring this place.
 F = Levels seen in this place.
 G = Mean time per level.
                   A        B        C        D        E       F      G
               +--------+--------+--------+--------+--------+-----+--------+
         Total |   1068 |   1022 |     46 |      0 |    902 |   2 |  534.0 |
       Dungeon |   1068 |   1022 |     46 |      0 |    902 |   2 |  534.0 |
               +--------+--------+--------+--------+--------+-----+--------+

Top non-repeatable levels by time:
     D:1: 1059 daAuts
     D:2: 9 daAuts
